 Dungeon Crawl Stone Soup version 0.29.1-12-g30fa7ad0bf (webtiles) character file.

Game seed: 15412683769793423251

281521 wormed the Eclecticist (level 19, -3/150 (152) HPs)
             Began as a Demonspawn Conjurer on Dec 28, 2022.
             Was the Champion of Vehumet.
             Killed from afar by a starcursed mass (8 damage)
             ... with an accursed screaming
             ... on level 2 of the Abyss.
             The game lasted 04:24:18 (68462 turns).

wormed the Eclecticist (Demonspawn Conjurer)       Turns: 68462, Time: 04:24:19

HP:   -3/150 (152)  AC: 24    Str: 19      XL:     19   Next: 71%
MP:   24/26         EV: 14    Int: 29 (35) God:    Vehumet [******]
Gold: 184           SH: 17    Dex: 10      Spells: 1/48 levels left

rFire   + . .      SeeInvis +   R - staff of conjuration
rCold   . . .      Faith    .   G - +2 kite shield {AC+3}
rNeg    . . .      Spirit   .   w - +1 robe "Syibij" {Rampage Will+}
rPois   .          Reflect  +   N - +1 helmet
rElec   +          Harm     .   (cloak unavailable)
rCorr   .          Rampage  +   T - +2 pair of gloves {infuse}
Will    ++...                   I - +1 pair of boots
Stlth   +.........              Z - amulet "Ocvakoh" {Reflect rElec Dex+2 SH+5}
HPRegen 0.35/turn               K - ring "Gahoyf" {Str+6 Int+8 Stlth-}
MPRegen 0.20/turn               Q - ring of Symmetry {rF+ Str+5 SInv}

@: sanguine armoured, on blink cooldown, lightly drained
A: ignite blood 1, spiny 2, sanguine armour 2, weakness stinger 3, [clumsy 2],
[low MP 3], [screaming 2]
}: 2/15 runes: barnacled, gossamer
a: Renounce Religion


You were on level 2 of the Abyss.
You worshipped Vehumet.
Vehumet was exalted by your worship.
You visited 7 branches of the dungeon, and saw 34 of its levels.
You visited the Abyss 1 time.
You also visited: Bailey.

You collected 3379 gold pieces.
You spent 3195 gold pieces at shops.

Inventory:

Armour
 p - a +2 robe of cold resistance
 w - the +1 robe "Syibij" (worn) {Rampage Will+}
   (You bought it in a shop on level 2 of the Dungeon)

   Rampage:   It bestows one free step when moving towards enemies.
   Will:      It increases your willpower.
 G - a +2 kite shield of protection (worn)
 I - a +1 pair of boots (worn)
 N - a +1 helmet (worn)
 T - a +2 pair of gloves of infusion (worn)
Magical Staves
 A - a staff of cold
 R - a staff of conjuration (weapon)
Jewellery
 d - a ring of ice
 f - a ring of protection from cold
 u - a ring of positive energy
 D - a ring of resist corrosion
 K - the ring "Gahoyf" (left hand) {Str+6 Int+8 Stlth-}
   (You bought it in a shop on level 5 of the Dungeon)

   [ring of strength]

   Str:       It affects your strength (+6).
   Int:       It affects your intelligence (+8).
   Stlth:     It makes you less stealthy.
 O - a ring of protection from fire
 Q - the ring of Symmetry (right hand) {rF+ Str+5 SInv}
   (You took it off a deep elf annihilator on level 3 of the Elven Halls)

   [ring of see invisible]

   Str:       It affects your strength (+5).
   rF:        It protects you from fire.
   SInv:      It lets you see invisible.
 U - the ring "Zefriacvau" {Ice Dex+2}
   (You took it off a deep elf pyromancer on level 3 of the Elven Halls)

   [ring of ice]

   It enhances your ice magic.
   Dex:       It affects your dexterity (+2).
   rF:        It makes you vulnerable to fire.
   rC:        It protects you from cold.
 Z - the amulet "Ocvakoh" (around neck) {Reflect rElec Dex+2 SH+5}
   (You found it on level 4 of the Shoals)

   [amulet of reflection]

   It reflects blocked missile attacks.
   Dex:       It affects your dexterity (+2).
   rElec:     It insulates you from electricity.
   SH:        It affects your SH (+5).
Wands
 c - a wand of iceblast (7)
 l - a wand of flame (29)
 H - a wand of digging (6)
 J - a wand of charming (17)
 L - a wand of polymorph (18) (quivered)
 M - a wand of light (4)
Scrolls
 a - 10 scrolls of enchant weapon
 e - 4 scrolls of immolation
 g - 10 scrolls of teleportation
 h - 5 scrolls of vulnerability
 r - 4 scrolls of silence
 t - 5 scrolls of poison
 v - 9 scrolls of magic mapping
 x - 3 scrolls of butterflies
 y - 3 scrolls of amnesia
 C - 4 scrolls of enchant armour
 E - a scroll of fear
 Y - 2 scrolls of summoning
Potions
 b - 4 potions of magic
 i - 3 potions of flight
 j - 4 potions of cancellation
 m - 9 potions of mutation
 n - 13 potions of ambrosia
 o - 5 potions of lignification
 q - 10 potions of curing
 B - a potion of resistance
 F - 7 potions of haste
 P - 6 potions of invisibility
 S - 2 potions of brilliance
Miscellaneous
 k - a condenser vane
 s - a phantom mirror (inert)
 W - a box of beasts
 X - a lightning rod (4/4)


   Skills:
 + Level 14.1 Fighting
 - Level 12.0 Staves
 - Level 10.0 Armour
 - Level 10.0 Dodging
 - Level 2.0 Stealth
 - Level 10.0 Shields
 - Level 15.0 Spellcasting
 - Level 12.0 Conjurations
 - Level 0.6 Fire Magic
 - Level 15.0 Ice Magic
 - Level 8.0 Evocations


You had one spell level left.
You knew the following spells:

 Your Spells              Type           Power      Damage    Failure   Level
a - Searing Ray           Conj           100%       2d8       1%          2
b - Orb of Destruction    Conj           47%        9d12      9%          7
c - Ozocubu's Armour      Ice            83%        N/A       1%          3
d - Frozen Ramparts       Ice            100%       1d16      1%          3
e - Iskenderun's Mystic   Conj/Tloc      71%        2d14      1%          4
f - Freezing Cloud        Conj/Ice/Air   42%        6-21      1%          5
g - Irradiate             Conj/Tmut      35%        3d23      3%          5
h - Blink                 Tloc           42%        N/A       8%          2
i - Ozocubu's Refrigerat  Ice            41%        4d16      2%          7
j - Polar Vortex          Ice            41%        N/A       92%         9

Your spell library contained the following spells:

 Spells                   Type           Power      Damage    Failure   Level
 Ignition                 Fire           12%        3d6       100%        8
 Chain Lightning          Conj/Air       35%        3d47      100%        9
 Shatter                  Erth           10%        3d12*     100%        9
 Magic Dart               Conj           100%       1d8       1%          1
 Sandblast                Erth           42%        2d11      1%          1
 Shock                    Conj/Air       100%       1d9       1%          1
 Apportation              Tloc           42%        N/A       4%          1
 Beastly Appendage        Tmut           42%        N/A       4%          1
 Slow                     Hex            84%        N/A       4%          1
 Ensorcelled Hibernation  Hex/Ice        100%       N/A       1%          2
 Dazzling Flash           Conj/Hex       100%       N/A       1%          3
 Stone Arrow              Conj/Erth      100%       3d13      1%          3
 Fulminant Prism          Conj/Hex       35%        3d18      1%          4
 Hailstorm                Conj/Ice       100%       3d20      1%          4
 Ice Form                 Ice/Tmut       60%        N/A       2%          4
 Summon Ice Beast         Ice/Summ       60%        N/A       2%          4
 Inner Flame              Hex/Fire       23%        N/A       3%          3
 Metabolic Englaciation   Hex/Ice        30%        N/A       6%          5
 Passwall                 Tmut/Erth      17%        N/A       8%          2
 Wereblood                Tmut           21%        N/A       8%          2
 Airstrike                Air            10%        2d(2-18)  13%         4
 Confusing Touch          Hex            21%        N/A       14%         3
 Lesser Beckoning         Tloc           21%        N/A       14%         3
 Portal Projectile        Hex/Tloc       42%        N/A       14%         3
 Spider Form              Tmut/Pois      21%        N/A       14%         3
 Summon Guardian Golem    Hex/Summ       21%        N/A       14%         3
 Swiftness                Air            21%        N/A       14%         3
 Tukima's Dance           Hex            21%        N/A       14%         3
 Vampiric Draining        Necr           21%        2d7       14%         3
 Iron Shot                Conj/Erth      35%        9d7       17%         6
 Lee's Rapid Deconstruct  Erth           10%        3d9*      32%         5
 Simulacrum               Ice/Necr       30%        N/A       34%         6
 Anguish                  Hex/Necr       10%        N/A       43%         4
 Animate Armour           Summ/Erth      42%        N/A       43%         4
 Animate Dead             Necr           21%        N/A       43%         4
 Cause Fear               Hex            10%        N/A       43%         4
 Petrify                  Tmut/Erth      21%        N/A       43%         4
 Spellforged Servitor     Conj/Summ      35%        N/A       63%         7
 Agony                    Necr           21%        N/A       80%         5
 Alistair's Intoxication  Tmut/Pois      14%        N/A       80%         5
 Blade Hands              Tmut           10%        N/A       80%         5
 Borgnjor's Vile Clutch   Necr/Erth      10%        N/A       80%         5
 Manifold Assault         Tloc           21%        N/A       80%         5
 Silence                  Hex/Air        10%        N/A       80%         5
 Summon Forest            Summ/Tloc      10%        N/A       80%         5
 Summon Mana Viper        Hex/Summ       21%        N/A       80%         5
 Eringya's Noxious Bog    Tmut/Pois      10%        N/A       85%         6
 Death Channel            Necr           10%        N/A       100%        6
 Statue Form              Tmut/Erth      14%        N/A       100%        6
 Summon Cactus Giant      Summ           10%        N/A       100%        6
 Enfeeble                 Hex            10%        N/A       100%        7
 Summon Hydra             Summ           10%        N/A       100%        7
 Discord                  Hex            10%        N/A       100%        8


Dungeon Overview and Level Annotations

Branches:
Dungeon (15/15) Temple (1/1) D:7 Lair (5/5) D:9 Shoals (4/4) Lair:2 Spider (4/4) Lair:3 Slime (0/5) Lair:4 Orc (2/2) D:12 Elf (3/3) Orc:2 Vaults (0/5) D:13 D:14 Depths (0/4) D:15 Bailey (visited)

Altars:
Ashenzari
Cheibriados
Dithmenos
Fedhas
Gozag
Hepliaklqana
Kikubaaqudgha
Makhleb
Nemelex Xobeh
Okawaru
Qazlal
Ru
Sif Muna
Trog
Uskayaw
Vehumet
Wu Jian
Xom
Yredelemnul
Jiyva

Shops:
D:2 [   D:5 *:==   D:6 [   D:15 :   Orc:1 *   Orc:2 (??*   Elf:3 (   Shoals:1 *

Portals:
Trove: D:10 (give 14 potions of heal wounds)

Annotations:
D:12 exclusion: 2 statues


Innate Abilities, Weirdness & Mutations

Your demonic aura sometimes causes spilled blood to erupt in flames.
You are mostly covered in sharp spines.
When seriously injured, your blood forms thick armour. (AC +9)
You have a sharp stinger which inflicts weakening toxins.
[You are very clumsy. (Dex -4)]
[Your magical capacity is extremely low. (-30% MP)]
[You frequently scream uncontrollably at your foes.]


Message History

You feel stable enough to blink again.
You feel better. You block the hell hog's attack.
The hell hog attacks as you move away! You block the hell hog's attack.
The hell hog breathes fire at you.
The fireball explodes!
The fireball engulfs you! You resist.
* * * LOW HITPOINT WARNING * * *
You hear a shout!
You feel better.
The hell hog bites you but does no damage.
The hell hog breathes fire at you.
The fireball explodes!
The fireball engulfs the hell hog.
The hell hog completely resists.
The fireball engulfs you! You resist.
* * * LOW HITPOINT WARNING * * *
The fireball engulfs the hell hog.
The hell hog completely resists.
You feel better.
A chaos spawn comes into view.
You feel better. You block the hell hog's attack.
The hell hog breathes fire at you.
The fireball explodes!
The fireball engulfs you but does no damage.
The fireball engulfs the hell hog.
The hell hog completely resists.
The fireball engulfs the hell hog.
The hell hog completely resists.
The hell hog closely misses you. The hell hog bites you!
* * * LOW HITPOINT WARNING * * *
There are monsters nearby!
Casting: Blink (safe; 8% risk of failure)
Confirm with . or Enter, or press ? or * to list all spells.
You blink.
An earth elemental and a wretched star come into view.
A sixfirhy comes into view.
The hell hog breathes fire at you.
The fireball explodes!
The fireball engulfs you!! You resist.
* * * LOW HITPOINT WARNING * * *
The hell hog attacks as you move away!
The hell hog bites you but does no damage.
The hell hog is struck by your spines.
The hell hog bites you but does no damage.
The starcursed mass shrieks in your mind.
You die...

#....# .
#.#..5...## #
#.# h.##..#
.. #.#.#..#
.#
###X4#.####.#
#.##4##*#...#
#..##h.E.# #
#3h.h##h##.#
#4###..h#@.#
.. #####.##
#. ### #


You could see a starcursed mass, a wretched star, 2 hell hogs, an earth
elemental, a rust devil and an iron imp.

Vanquished Creatures
  Nikola (Elf:3)
  Zenata (Elf:2)
  Jorgrun (Shoals:1)
  A lich (Abyss:2)
  A deep elf master archer (Elf:3)
  3 acid blobs (Lair:5)
  A deep elf blademaster (Elf:3)
  A tentacled starspawn (Abyss:2)
  Polyphemus (Shoals:2)
  2 krakens
  2 azure jellies (Lair:5)
  Roxanne (Shoals:4)
  Kirke (Spider:2)
  The ghost of AyAyRon the Bludgeoner, an adept DsFi of Yredelemnul (D:15)
  5 deep elf sorcerers
  2 emperor scorpions
  A balrug (Orc:1)
  Louise (Shoals:4)
  A deep elf elementalist (Elf:3)
  6 ghost moths
  5 broodmothers
  A quicksilver ooze (Lair:5)
  5 deep elf demonologists
  The ghost of cheesebisquit the Executioner, a journeyman MiBe of Trog (Lair:5)
  5 deep elf annihilators (Elf:3)
  5 entropy weavers
  A minotaur (D:15)
  3 spark wasps
  6 deep elf death magi
  4 merfolk javelineers (Shoals:4)
  6 merfolk impalers
  7 deep elf high priests (Elf:3)
  5 ogre magi
  12 boulder beetles
  4 hydras
  A rakshasa (D:15)
  2 catoblepae
  21 two-headed ogres
  3 jorogumos
  A two-headed ogre (shapeshifter) (D:15)
  3 merfolk avatars
  3 radroaches
  9 centaur warriors
  2 merfolk aquamancers (Shoals:4)
  A death scarab (Spider:4)
  12 death yaks
  A tengu warrior (D:13)
  27 dancing weapons
  A deep troll shaman (Lair:5)
  Urug (D:11)
  An orc high priest (Elf:2)
  Nergalle (D:11)
  A wretched star (Abyss:2)
  13 deep elf knights
  7 pharaoh ants
  A goliath frog (shapeshifter) (D:15)
  A sun moth (Spider:3)
  5 orb spiders
  11 steelbarb worms
  10 sea snakes
  2 glowing orange brains
  5 lindwurms
  10 deep elf archers
  25 deep elf pyromancers
  Pikel (D:4)
  24 deep elf zephyrmancers
  15 ugly things
  2 orc knights
  21 wolf spiders
  3 oklob plants
  14 manticores
  10 merfolk sirens
  11 fauns
  A worldbinder (Abyss:2)
  7 cyclopes
  A guardian serpent (shapeshifter) (Spider:1)
  16 elephants
  3 moths of wrath
  5 black mambas
  Maggie (D:5)
  11 water nymphs
  A gargoyle (D:12)
  8 cane toads
  6 torpor snails
  6 unseen horrors
  3 rime drakes (Lair:4)
  9 komodo dragons
  An efreet (D:15)
  Psyche (D:10)
  2 tengu conjurers
  12 demonic crawlers
  7 trolls
  21 merfolk
  3 polar bears (Lair:5)
  12 meliai
  A queen bee (Spider:3)
  An ancient zyme (Abyss:2)
  30 tarantellas
  Grinder (D:4)
  A hornet (shapeshifter) (Elf:2)
  2 hornets
  6 blink frogs
  8 wind drakes
  A tarantella (shapeshifter) (D:15)
  4 dream sheep (Shoals:3)
  15 slime creatures
  23 jumping spiders
  10 snapping turtles
  Sigmund (D:5)
  A centaur simulacrum (D:14)
  8 water elementals
  22 culicivoras
  4 wraiths
  An air elemental (Elf:3)
  A vampire (D:13)
  5 basilisks
  4 hogs (Spider:2)
  41 yaks
  3 wyverns
  4 fire elementals
  16 humans
  60 redbacks
  4 vampire mosquitoes
  4 wargs
  A steam dragon (D:6)
  A two-headed ogre zombie (D:12)
  A hell hound (Abyss:2)
  14 water moccasins
  6 black bears
  An ice beast (D:7)
  16 orc warriors
  A sky beast (D:7)
  16 wolves
  24 ogres
  4 phantoms
  2 lemures (D:4)
  3 centaurs
  A kobold brigand (D:9)
  A gnoll sergeant (D:8)
  16 bullfrogs
  3 small abominations (Abyss:2)
  2 earth elementals
  2 scorpions
  5 wights
  2 troll zombies (D:12)
  22 killer bees
  2 howler monkeys
  4 electric eels
  A gnoll bouda (D:9)
  4 hounds
  8 jellies
  9 orc priests
  An iguana (D:5)
  12 orc wizards
  A statue (D:7)
  5 ogre zombies (D:12)
  12 adders
  13 gnolls
  A white imp (D:7)
  4 worms
  A dart slug (D:14)
  40 orcs
  5 bats
  24 endoplasms
  2 giant cockroaches (D:1)
  13 goblins
  7 hobgoblins
  7 jackals
  2 quokkas
  4 ball pythons
  4 frilled lizards
  2 goblin skeletons (D:12)
  2 goblin zombies (D:12)
  2 hobgoblin zombies (D:12)
  26 kobolds
  6 orc skeletons (D:12)
  13 orc zombies (D:12)
  2 rats
  2 bushes (D:12)
  A lurking horror (Abyss:2)
  3 tentacles (Shoals:4)
1194 creatures vanquished.

Vanquished Creatures (collateral kills)
  A profane servitor (Abyss:2)
  A deep elf blademaster (Elf:3)
  A tentacled starspawn (Abyss:2)
3 creatures vanquished.

Vanquished Creatures (others)
  A deep elf demonologist (Elf:3)
  2 steelbarb worms (Spider:4)
  A deep elf pyromancer (Elf:3)
  An air elemental (Elf:3)
  38 fulminant prisms
  61 fungi
  153 plants
  10 starspawn tentacles (Abyss:2)
  26 tentacles
293 creatures vanquished.

Grand Total: 1490 creatures vanquished

Notes
Turn   | Place    | Note
-------+----------+-------------------------------------------
     0 | D:1      | wormed the Demonspawn Conjurer began the quest for the Orb.
     0 | D:1      | Reached XP level 1. HP: 13/13 MP: 3/3
   278 | D:1      | Gained mutation: You are partially covered in sharp spines.
                  | [demonic ancestry]
   278 | D:1      | Reached XP level 2. HP: 19/19 MP: 1/5
   315 | D:1      | Learned a level 2 spell: Searing Ray
   576 | D:1      | Found a faded altar of an unknown god.
  1145 | D:2      | Gained mutation: You are mostly covered in sharp spines.
                  | [demonic ancestry]
  1145 | D:2      | Reached XP level 3. HP: 22/24 MP: 1/7
  1212 | D:2      | You fall into a shaft and drop 2 floors!
  1263 | D:4      | Gained mutation: Your demonic aura sometimes causes spilled
                  | blood to erupt in flames. [demonic ancestry]
  1263 | D:4      | Reached XP level 4. HP: 24/30 MP: 3/9
  1405 | D:4      | Noticed a lemure
  1405 | D:4      | Noticed a lemure
  1434 | D:4      | Killed a lemure
  1438 | D:4      | Killed a lemure
  1550 | D:4      | Noticed a lemure
  1551 | D:4      | Noticed Pikel
  1553 | D:4      | Noticed a lemure
  1612 | D:3      | Identified the +0 ring mail of Hopscotch {rN+}
  2325 | D:2      | Found Vaetul's Antique Armour Shop.
  2619 | D:2      | Reached XP level 5. HP: 35/35 MP: 5/11
  2627 | D:2      | Learned a level 4 spell: Fulminant Prism
  2632 | D:2      | Learned a level 4 spell: Iskenderun's Mystic Blast
  3203 | D:3      | Reached skill level 5 in Conjurations
  3709 | D:2      | Bought a shadowed robe for 171 gold pieces
  3709 | D:2      | Identified the +1 robe "Syibij" {Rampage Will+} (You bought
                  | it in a shop on level 2 of the Dungeon)
  3970 | D:4      | Found a bloodstained altar of Trog.
  4286 | D:4      | Reached XP level 6. HP: 41/41 MP: 8/12
  4377 | D:4      | Killed Pikel
  4378 | D:4      | Reached XP level 7. HP: 33/46 MP: 2/13
  4631 | D:4      | Noticed Grinder
  4640 | D:4      | Killed Grinder
  4830 | D:5      | Entered Level 5 of the Dungeon
  4853 | D:5      | Found Qus Zaese's Book Shop.
  4853 | D:5      | Found Mekhlits's Assorted Antiques.
  4854 | D:5      | Found Acvuc's Jewellery Shop.
  4859 | D:5      | Found Isum's Jewellery Shop.
  5263 | D:5      | Noticed Sigmund
  5291 | D:5      | Killed Sigmund
  5292 | D:5      | Reached XP level 8. HP: 52/52 MP: 8/14
  5300 | D:5      | Reached skill level 10 in Conjurations
  5475 | D:5      | Found a hazy altar of Hepliaklqana.
  5475 | D:5      | Found a snail-covered altar of Cheibriados.
  5588 | D:6      | Noticed Maggie
  5588 | D:6      | Found Ydaja's Antique Armour Emporium.
  5766 | D:5      | Killed Maggie
  5767 | D:5      | Reached skill level 5 in Spellcasting
  6281 | D:6      | Gained mutation: You have a small tail. [demonic ancestry]
  6281 | D:6      | Reached XP level 9. HP: 57/57 MP: 14/19
  6539 | D:7      | Found a staircase to the Ecumenical Temple.
  6671 | Temple   | Entered the Ecumenical Temple
  6932 | D:7      | Found a radiant altar of Vehumet.
  6941 | D:7      | Became a worshipper of Vehumet
  7019 | D:7      | Reached skill level 1 in Evocations
  7090 | D:7      | Found a flagged portal.
  7103 | Bailey   | Entered a bailey
  7696 | Bailey   | Found a runed translucent gate.
  7700 | Bailey   | Found a runed translucent gate.
  7701 | Bailey   | Found a runed translucent gate.
  7710 | Bailey   | Noticed an orc warlord
  8010 | D:7      | Reached skill level 5 in Evocations
  8180 | D:7      | Reached skill level 1 in Fighting
  8261 | D:6      | Bought a pair of runed boots for 172 gold pieces
  8413 | D:8      | Reached * piety under Vehumet
  8413 | D:8      | Offered knowledge of Sandblast by Vehumet.
  8418 | D:8      | Learned a level 3 spell: Ozocubu's Armour
  9101 | D:9      | Reached skill level 5 in Fighting
  9101 | D:9      | Reached XP level 10. HP: 41/74 MP: 4/22
 10039 | D:9      | Found a staircase to the Lair.
 10199 | D:9      | Noticed a two-headed ogre
 10200 | D:9      | Reached ** piety under Vehumet
 10200 | D:9      | Offered knowledge of Freeze by Vehumet.
 10294 | D:8      | Noticed a five-headed hydra
 10506 | D:9      | Killed a two-headed ogre
 11269 | D:10     | Entered Level 10 of the Dungeon
 11299 | D:10     | Noticed a two-headed ogre
 11311 | D:10     | Noticed a cyclops
 11452 | D:10     | Noticed a two-headed ogre
 11461 | D:10     | Killed a two-headed ogre
 11462 | D:10     | Reached skill level 10 in Fighting
 11737 | D:10     | Gained mutation: When seriously injured, your blood forms
                  | armour. (AC +9) [demonic ancestry]
 11737 | D:10     | Reached XP level 11. HP: 92/92 MP: 7/23
 12004 | D:10     | Noticed Psyche
 12294 | D:10     | Offered knowledge of Static Discharge by Vehumet.
 12576 | D:10     | Killed Psyche
 12660 | D:10     | Found a portal to a secret trove of treasure.
 13155 | D:11     | Noticed Urug
 13407 | Lair:1   | Entered Level 1 of the Lair of Beasts
 13601 | Lair:1   | Reached skill level 1 in Ice Magic
 14671 | Lair:1   | Noticed an oklob plant
 14678 | Lair:1   | Reached *** piety under Vehumet
 14742 | Lair:1   | Reached skill level 5 in Ice Magic
 15600 | Lair:1   | Killed an oklob plant
 15904 | Lair:2   | Offered knowledge of Frozen Ramparts by Vehumet.
 15909 | Lair:2   | Learned a level 3 spell: Frozen Ramparts
 16128 | Lair:2   | Learned a level 7 spell: Orb of Destruction
 16173 | Lair:2   | Found a staircase to the Shoals.
 16756 | Lair:2   | Reached XP level 12. HP: 102/102 MP: 13/24
 16831 | Lair:2   | Noticed an eight-headed hydra
 16840 | Lair:2   | Killed an eight-headed hydra
 17359 | Lair:3   | You fall into a shaft and drop 2 floors!
 17359 | Lair:5   | Entered Level 5 of the Lair of Beasts
 17359 | Lair:5   | Noticed a death yak
 17359 | Lair:5   | Noticed a death yak
 17888 | Lair:4   | Found a staircase to the Slime Pits.
 17888 | Lair:4   | Found a viscous altar of Jiyva.
 17986 | Lair:4   | Reached skill level 10 in Ice Magic
 18863 | Lair:3   | Found a hole to the Spider Nest.
 18951 | Lair:3   | Reached **** piety under Vehumet
 19174 | Lair:3   | Noticed a four-headed hydra
 19184 | Lair:3   | Killed a four-headed hydra
 19331 | Lair:3   | Noticed a five-headed hydra
 19338 | Lair:3   | Killed a five-headed hydra
 19342 | Lair:3   | Offered knowledge of Sticky Flame by Vehumet.
 19728 | Lair:3   | Reached XP level 13. HP: 108/108 MP: 11/25
 20982 | D:5      | Bought a book of Spatial Translocations for 312 gold pieces
 20986 | D:5      | Bought a scroll of identify for 58 gold pieces
 20986 | D:5      | Bought a scroll labelled PILUUPNOCUM for 29 gold pieces
 20986 | D:5      | Bought a scroll labelled JOOXOSH LUPNYU for 29 gold pieces
 21992 | Lair:5   | Reached skill level 1 in Shields
 22363 | Lair:5   | Learned a level 2 spell: Blink
 22938 | Lair:5   | Found a runed translucent gate.
 22938 | Lair:5   | Found a runed translucent gate.
 22938 | Lair:5   | Found a runed translucent gate.
 22938 | Lair:5   | Noticed an acid blob
 22938 | Lair:5   | Noticed an acid blob
 22939 | Lair:5   | Found a viscous altar of Jiyva.
 22939 | Lair:5   | Noticed an azure jelly
 22939 | Lair:5   | Noticed an acid blob
 22939 | Lair:5   | Noticed cheesebisquit's ghost (journeyman MiBe)
 22939 | Lair:5   | Noticed a quicksilver ooze
 22939 | Lair:5   | Noticed an azure jelly
 23256 | Lair:5   | Reached ***** piety under Vehumet
 23408 | Lair:5   | Offered knowledge of Freezing Cloud by Vehumet.
 23501 | Lair:5   | Learned a level 5 spell: Freezing Cloud
 23640 | Lair:5   | Reached skill level 5 in Shields
 23903 | Lair:5   | Identified the ring "Gise" {AC+4 Str+4}
 24012 | Lair:5   | Found a hide-covered altar of Uskayaw.
 24012 | Lair:5   | Found an ornate altar of the Wu Jian Council.
 24583 | D:11     | Noticed Nergalle
 24593 | D:11     | Killed Nergalle
 24918 | D:11     | Gained mutation: When seriously injured, your blood forms
                  | thick armour. (AC +9) [demonic ancestry]
 24918 | D:11     | Reached XP level 14. HP: 102/103 MP: 20/26
 25226 | D:11     | Killed Urug
 25799 | D:5      | Bought an amulet of magic regeneration for 420 gold pieces
 26084 | D:12     | Found a staircase to the Orcish Mines.
 26755 | D:12     | Reached skill level 10 in Spellcasting
 28188 | D:13     | Found the +2 cloak of the Thief {*Fog Slay-2 SInv Stlth+}
 28856 | D:13     | Learned a level 7 spell: Ozocubu's Refrigeration
 28890 | D:14     | Found a gate to the Vaults.
 29345 | D:14     | Found a snail-covered altar of Cheibriados.
 29644 | D:14     | Reached skill level 1 in Staves
 30016 | D:15     | Entered Level 15 of the Dungeon
 30062 | D:15     | Found a blossoming altar of Fedhas.
 30201 | D:15     | Noticed AyAyRon's ghost (adept DsFi)
 30207 | D:15     | Identified the +8 battleaxe of Okawaru {vorpal, rCorr
                  | Int+4}
 30221 | D:15     | Found a runed translucent gate.
 30221 | D:15     | Found a runed translucent gate.
 30221 | D:15     | Found a runed translucent gate.
 30270 | D:15     | Found Tuymuas's Self-Improvement Boutique.
 30630 | D:15     | Reached skill level 5 in Staves
 31327 | D:15     | Gained mutation: You have a tail ending in a sharp stinger.
                  | [demonic ancestry]
 31327 | D:15     | Reached XP level 15. HP: 72/120 MP: 19/31
 31755 | D:15     | Found a staircase to the Depths.
 32180 | Lair:5   | Killed an azure jelly
 32532 | Lair:5   | Killed an acid blob
 32709 | Lair:5   | Killed cheesebisquit's ghost
 32755 | Lair:5   | Killed an acid blob
 32993 | Lair:5   | Killed an acid blob
 33070 | Lair:5   | Killed an azure jelly
 33675 | D:15     | Killed AyAyRon's ghost
 33766 | D:15     | Offered knowledge of Conjure Ball Lightning by Vehumet.
 33967 | D:15     | Reached skill level 10 in Staves
 34096 | Orc:1    | Entered Level 1 of the Orcish Mines
 34367 | Orc:1    | Found a runed translucent door.
 34610 | Orc:1    | Found Rirhixo's Assorted Antiques.
 35055 | Orc:2    | Entered Level 2 of the Orcish Mines
 35142 | Orc:2    | Found a staircase to the Elven Halls.
 35179 | Orc:2    | Found Qaritezo's Magic Scroll Boutique.
 35180 | Orc:2    | Found Hyuga's General Store.
 35529 | Orc:2    | Offered knowledge of Irradiate by Vehumet.
 35752 | Orc:2    | Found Rutwe Fol's Weapon Shoppe.
 35752 | Orc:2    | Found Ascheush's Magic Scroll Boutique.
 36568 | Spider:1 | Entered Level 1 of the Spider Nest
 36576 | Spider:1 | Learned a level 5 spell: Irradiate
 37165 | Spider:1 | Reached XP level 16. HP: 127/127 MP: 15/32
 39282 | Spider:2 | Offered knowledge of Lee's Rapid Deconstruction by Vehumet.
 39335 | Spider:2 | Noticed Kirke
 39343 | Spider:2 | Killed Kirke
 39898 | Spider:2 | Noticed Arachne
 39913 | Spider:2 | HP: 1/127 [Arachne/bolt of poison (24)]
 41484 | Spider:2 | Noticed Arachne
 41484 | Spider:2 | Arachne changed into Arachne the jorogumo
 41490 | Spider:2 | Killed Arachne the jorogumo
 42837 | Spider:3 | Offered knowledge of Starburst by Vehumet.
 42952 | Spider:3 | Reached ****** piety under Vehumet
 43507 | D:5      | Bought a book of Ice for 552 gold pieces
 44002 | Spider:3 | Reached skill level 5 in Dodging
 44839 | Spider:3 | Reached XP level 17. HP: 75/133 MP: 22/35
 45406 | Spider:4 | Entered Level 4 of the Spider Nest
 46232 | Spider:4 | Offered knowledge of Lightning Bolt by Vehumet.
 49180 | Spider:4 | Got a gossamer rune of Zot
 49470 | Shoals:1 | Entered Level 1 of the Shoals
 50780 | Shoals:1 | Noticed Jorgrun
 50841 | Shoals:1 | Killed Jorgrun
 51293 | Shoals:1 | Found Hidilucia's General Store.
 51295 | Shoals:1 | Bought a staff of conjuration for 425 gold pieces
 52208 | Shoals:2 | Offered knowledge of Lehudib's Crystal Spear by Vehumet.
 52268 | Shoals:2 | Identified the +8 chain mail "Hearac" {rPois}
 52348 | Shoals:2 | Reached skill level 15 in Spellcasting
 52675 | Shoals:2 | Reached skill level 15 in Ice Magic
 53293 | Shoals:3 | Noticed Polyphemus
 53316 | Shoals:2 | Killed Polyphemus
 53531 | Shoals:3 | Gained mutation: You have a sharp stinger which inflicts
                  | weakening toxins. [demonic ancestry]
 53531 | Shoals:3 | Reached XP level 18. HP: 140/140 MP: 34/37
 54463 | Shoals:4 | Entered Level 4 of the Shoals
 54463 | Shoals:4 | Noticed Roxanne
 54544 | Shoals:4 | Killed Roxanne
 54863 | Shoals:4 | Noticed Louise
 55078 | Shoals:4 | Killed Louise
 55513 | Shoals:4 | Found an ornate altar of the Wu Jian Council.
 55990 | Shoals:4 | Identified the amulet "Ocvakoh" {Reflect rElec Dex+2 SH+5}
 57371 | Shoals:4 | Learned a level 9 spell: Polar Vortex
 57404 | Shoals:4 | Got a barnacled rune of Zot
 57587 | Shoals:4 | Offered knowledge of Shatter by Vehumet.
 57587 | Shoals:4 | Offered knowledge of Chain Lightning by Vehumet.
 57587 | Shoals:4 | Offered knowledge of Ignition by Vehumet.
 57833 | Elf:1    | Entered Level 1 of the Elven Halls
 59226 | D:2      | Bought a fine leather armour for 210 gold pieces
 59226 | D:2      | Identified the +6 leather armour "Vuskuec" {rCorr Dex+4}
                  | (You bought it in a shop on level 2 of the Dungeon)
 60003 | Elf:1    | Reached skill level 10 in Shields
 60448 | Elf:2    | Reached skill level 1 in Armour
 60448 | Elf:2    | Reached skill level 10 in Dodging
 61373 | Elf:2    | Reached skill level 5 in Armour
 61772 | Elf:2    | Found a runed translucent gate.
 61772 | Elf:2    | Found a runed translucent gate.
 61773 | Elf:2    | Found a runed translucent gate.
 62506 | Elf:2    | Noticed Zenata
 62516 | Elf:2    | Killed Zenata
 62517 | Elf:2    | Reached XP level 19. HP: 87/146 MP: 4/38
 63467 | Elf:2    | Identified the +3 halberd of Dissolution {vorpal, rF+ rC+
                  | Int+3}
 63513 | Elf:3    | Entered Level 3 of the Elven Halls
 64619 | Elf:3    | Reached skill level 10 in Armour
 64886 | Elf:3    | Identified the +1 short sword of the Valley of Death {vamp,
                  | rElec rC+ Str+4 Stlth+}
 65179 | Elf:3    | Identified the ring of Symmetry {rF+ Str+5 SInv}
 65753 | D:5      | Bought the ring "Gahoyf" {Str+6 Int+8 Stlth-} for 817 gold
                  | pieces
 66034 | Elf:3    | Noticed Nikola
 66035 | Elf:3    | Paralysed by an air elemental for 1 turns
 66039 | Elf:3    | Paralysed by an air elemental for 1 turns
 66152 | Elf:3    | Killed Nikola
 66498 | Elf:3    | Found Ytivup Qudea's Weapon Shoppe.
 66731 | Elf:3    | Identified the +1 quarterstaff "Qahouczo" {freeze, +Blink
                  | Str+6}
 67441 | Elf:3    | Identified the ring "Zefriacvau" {Ice Dex+2}
 67657 | Elf:3    | Identified the +7 rapier "Jasoevot" {vorpal, rPois}
 67657 | Elf:3    | Identified the ring "Soiv" {Wiz rF+}
 67665 | Abyss:2  | Cast into level 2 of the Abyss (a deep elf demonologist)
 68046 | Abyss:2  | Noticed a profane servitor
 68063 | Abyss:2  | Killed a profane servitor
 68316 | Abyss:2  | Noticed a bone dragon
 68460 | Abyss:2  | HP: 4/150 [hell hog/fireball (21)]
 68462 | Abyss:2  | Killed from afar by a starcursed mass

Illustrated notes

Levels and vault maps discovered:
D:1:      dpeg_arrival_fog, layout_loops_ring,
          hellmonk_ecumenical_altar_heavens_door, minmay_box_of_dots
D:2:      layout_basic, serial_shops, nicolae_shop_trees,
          wad_floor_pattern_untrapped, serial_bayou_lagoon_b
D:3:      layout_basic
D:4:      layout_cave_pools, trog_antimagical, serial_bayou_lagoon_a,
          dreamdust_gnoll_farm, uniq_pikel, uniq_grinder
D:5:      layout_loops_ring, mainiacjoe_overflow_large_starburst,
          minmay_shop_grid_forest, uniq_sigmund
D:6:      layout_basic, serial_shops, nicolae_stop_n_shop_1,
          minmay_misc_feat_more_columns, uniq_maggie
D:7:      layout_rooms, vehumet_statue, temple_pool_b, serial_corexii_hall,
          corexii_hall_statues_u, chequers_hall_statues_wall_a, enter_bailey_2,
          minivault_19
D:8:      minmay_klotski, layout_basic
D:9:      layout_loops_ring, grunt_lair_entry_orc_guard_hut
D:10:     layout_loops_cross, enter_trove_1, onia_ninara_dug_in_and_dangerous,
          uniq_psyche
D:11:     layout_grid_maze, uniq_nergalle, uniq_urug
D:12:     layout_cross, zombieorc2_lemuel, minmay_dual_archer_statues
D:13:     layout_cave_pools, gauntlet_entry_generic
D:14:     layout_roguey, david_vaults_3, kennysheep_small_spiral,
          kennysheep_slug_shrine
D:15:     gammafunk_enter_depths_forms, layout_loops_corners, fedhas_altar_3,
          maelrawn_ghost_gauntlet_escape, nicolae_shop_self_help
Temple:   nicolae_temple_two_arcs
Lair:1:   lemuel_slime, layout_loops_ring
Lair:2:   layout_regular_city, shoals_dummy_entry, beast_lair_carwin_3
Lair:3:   layout_roguey, spider_nest_entry_web_field, minmay_lindwurm_lava,
          serial_bayou_shore_a, infiniplex_staircase_pool_2
Lair:4:   layout_loops_ring, slime_entry_1, grunt_megastairs_5
Lair:5:   grunt_lair_end_beastmaster, layout_long_grid, gammafunk_ghost_ooze,
          nicolae_lair_grove_arrangements, chequers_serial_rivers_small_3,
          nzn_masters_of_martial_movement
Shoals:1: layout_shoals, nicolae_shoals_c_island, uniq_jorgrun
Shoals:2: layout_shoals
Shoals:3: layout_shoals, uniq_polyphemus
Shoals:4: shoals_end_simple, layout_shoals, nicolae_shoals_lost_giant_pillars,
          lemuel_oklob_altar, uniq_louise, uniq_roxanne
Spider:1: layout_spider_delve, hellmonk_deceptive_appearances
Spider:2: layout_spider_delve, uniq_arachne, uniq_kirke
Spider:3: nicolae_spider_hall_of_the_moth_king, special_room [special_room_bee]
Spider:4: hellmonk_spider_rune_bug_friends, hellmonk_narrow_tunnel
Orc:1:    dreamdust_dug_too_deep, layout_diamond_mine, serial_shops,
          nicolae_square_shop
Orc:2:    st_orc_ogre_mass, layout_caves
Elf:1:    eino_elf_arrival_customs, layout_geoelf_grid, serial_glass,
          glass_columns_a, glass_columns_b, infiniplex_enter_wizlab_spiral,
          evilmike_minifort, chequers_big_river
Elf:2:    elven_hall_of_blades_hangedman_original
          [nicolae_blade_entry_sentries_behind_glass], layout_geoelf_octagon,
          due_unseen_surprise, uniq_zenata
Elf:3:    minmay_elf_hall_curves, layout_geoelf_octagon, serial_shops, shop,
          corner_web_ring, uniq_nikola
Abyss:2:  base: D:8, evilmike_abyss_exit_1, spicy_abyss_unhelpful_harpoons,
          evilmike_abyss_exit_8, hangedman_cross_veins, minivault_28

Skill      XL: |  1  2  3  4  5  6  7  8  9 10 11 12 13 14 15 16 17 18 19 |
---------------+----------------------------------------------------------+-----
Stealth        | 2 |  2.0
Dodging        | 2 5 7 10 | 10.0
Spellcasting   | 3 4 7 8 12 14 15 | 15.0
Conjurations   | 6 8 9 10 11 12 | 12.0
Evocations     | 5 8 |  8.0
Fighting       | 5 10 12 14 | 14.1
Ice Magic      | 7 10 12 14 15 | 15.0
Shields        | 5 7 10 | 10.0
Staves         | 6 12 | 12.0
Armour         | 7 10 | 10.0
Fire Magic     | |  0.6

Action                   |  1- 3 |  4- 6 |  7- 9 | 10-12 | 13-15 | 16-18 | 19-21 || total
-------------------------+-------+-------+-------+-------+-------+-------+-------++-------
Melee: Unarmed           |     2 |       |       |       |       |       |       ||     2
       Dagger            |     6 |     2 |     8 |     3 |       |       |       ||    19
       Tailslap          |       |       |     1 |       |     9 |    99 |     5 ||   114
       Staff             |       |       |       |     2 |    60 |   447 |    87 ||   596
 Cast: Magic Dart        |    16 |    72 |    50 |    28 |       |       |       ||   166
       Searing Ray       |    10 |    29 |    60 |   155 |   210 |   115 |    14 ||   593
       Fulminant Prism   |       |       |     3 |    34 |     1 |       |       ||    38
       Ozocubu's Armour  |       |       |     2 |    11 |    35 |   133 |    15 ||   196
       Iskenderun's Myst |       |       |     1 |    10 |    17 |     2 |       ||    30
       Orb of Destructio |       |       |       |    15 |   136 |   233 |    76 ||   460
       Frozen Ramparts   |       |       |       |    10 |    34 |   100 |     7 ||   151
       Blink             |       |       |       |       |    10 |     8 |     5 ||    23
       Freezing Cloud    |       |       |       |       |     4 |     1 |       ||     5
       Ozocubu's Refrige |       |       |       |       |    39 |   170 |    22 ||   231
       Irradiate         |       |       |       |       |       |     9 |     7 ||    16
Evoke: Wand              |       |       |       |       |     3 |    10 |     1 ||    14
       Condenser vane    |       |       |       |       |     1 |       |       ||     1
       Phantom mirror    |       |       |       |       |       |     1 |     1 ||     2
       Box of beasts     |       |       |       |       |       |       |     1 ||     1
  Use: Scroll            |       |       |     4 |       |    23 |     8 |     5 ||    40
       Potion            |       |       |     1 |       |     2 |    20 |     7 ||    30
 Stab: Sleeping          |       |       |       |       |       |     1 |       ||     1
       Distracted        |       |       |       |       |       |       |     1 ||     1
Armor: Robe              |     2 |     4 |    10 |    88 |   274 |   396 |    65 ||   839
       Skin              |       |       |       |       |       |       |     1 ||     1
Dodge: Dodged            |     4 |    11 |    38 |   133 |   230 |   356 |    60 ||   832
Block: Buckler           |       |       |       |       |    50 |   103 |       ||   153
       Kite shield       |       |       |       |       |       |   207 |   137 ||   344
       Reflection        |       |       |       |       |       |    24 |    16 ||    40
       Other             |       |       |       |       |       |       |     2 ||     2
